Map: [ESL] Alcyone

Players

Wayne - Winner!

  • Race: Zerg Zerg
  • Spawn Location: 7:00

ForJumy

  • Race: Protoss Protoss
  • Spawn Location: 1:00

Event: ESL SC2 Masters 2023 Winter (Regional)

VOD

Have the link to the VOD?

Description

Time

  • Played on: Nov. 4, 2023, 11:38 a.m.
  • Length: 11:16

All games in this series

Show
View Real Time Build Order
Export as new Build Order

Wayne Zerg - Winner!

Build Orders: Hatch First 

Get SALT Encoding   

  12  0:00  Drone  
  13  0:12  Overlord  
  13  0:16  Drone  
  14  0:31  Drone x2  
  14  0:34  Drone  
  17  0:45  Drone  
  18  0:59  Extractor  
  18  1:02  Hatchery  
  16  1:10  Spawning Pool  
  15  1:13  Drone  
  15  1:16  Drone  
  17  1:40  Hatchery  
  17  1:45  Evolution Chamber  
  17  1:46  Drone  
  17  1:57  Zergling x6, Queen  
  23  2:03  Metabolic Boost  
  23  2:10  Overlord  
  23  2:33  Drone x2  
  23  2:35  Queen  
  26  2:42  Hatchery  
  25  2:52  Drone x3  
  28  3:00  Queen  
  28  3:04  Drone  
  31  3:07  Drone  
  32  3:13  Overlord  
  32  3:16  Drone  
  32  3:18  Zergling x2  
  35  3:20  Zergling x2  
  35  3:23  Drone  
  36  3:31  Overlord  
  36  3:35  Overlord  
  35  3:48  Queen  
  35  3:51  Drone x3  
  35  3:52  Drone x2  
  35  3:54  Queen  
  44  3:58  Drone  
  44  3:59  Drone  
  44  4:00  Drone  
  47  4:04  Drone  
  47  4:05  Drone  
  49  4:13  Drone x4  
  53  4:17  Evolution Chamber  
  53  4:23  Overlord  
  52  4:24  Drone  
  52  4:26  Spore Crawler  
  52  4:29  Queen  
  54  4:32  Drone x2  
  54  4:33  Drone  
  57  4:43  Drone x6  
  57  4:45  Zerg Melee Weapons Level 1  
  63  4:51  Baneling Nest  
  62  5:00  Hatchery  
  62  5:02  Overlord  
  62  5:05  Zergling x4  
  62  5:14  Zergling x6  
  65  5:17  Overlord  
  65  5:20  Spore Crawler  
  64  5:22  Extractor  
  64  5:23  Drone x3  
  64  5:25  Zergling x12  
  71  5:30  Overlord  
  71  5:33  Zergling x4  
  73  5:37  Baneling x3  
  73  5:38  Overlord  
  73  5:41  Zergling x2  
  73  5:42  Zergling x8  
  78  5:48  Overlord  
  78  5:51  Zergling x8  
  81  5:58  Zergling x6  
  81  6:02  Lair  
  83  6:12  Zergling x18  
  92  6:18  Drone  
  92  6:19  Drone  
  92  6:20  Drone x2  
  92  6:25  Baneling x6  
  93  6:28  Drone  
  93  6:29  Drone  
  93  6:31  Drone x2  
  93  6:32  Spore Crawler  
  96  6:33  Extractor, Roach Warren  
  96  6:36  Drone x3  
  96  6:38  Drone x2  
  99  6:42  Drone x3  
  102  6:48  Drone x5  
  103  7:09  Zergling x16  
  111  7:17  Spire  
  111  7:18  Extractor x2, Drone x2  
  111  7:19  Extractor  
  109  7:28  Evolution Chamber  
  109  7:32  Zergling x4  
  104  7:44  Drone x2  
  104  7:45  Drone  
  104  7:46  Drone  
  108  7:52  Drone x4  
  110  8:06  Overlord x2  
  110  8:07  Glial Reconstitution  
  109  8:14  Drone  
  110  8:21  Overlord  
  110  8:22  Overlord  
  110  8:26  Zergling x2, Roach x8  
  127  8:30  Overlord  
  127  8:31  Overlord x2  
  127  8:37  Baneling x7  
  127  8:38  Overlord x3  
  126  8:46  Roach x7  
  126  8:47  Ravager x8  
  129  8:50  Queen x2  
  129  8:51  Zergling x4  
  134  8:55  Roach x2  
  129  9:08  Zergling x6, Roach x4  
  113  9:10  Zergling x2  
  113  9:11  Roach  
  105  9:17  Zergling x6  
  105  9:18  Zergling x4  
  105  9:21  Zergling x2  
  105  9:22  Zergling x4  
  105  9:23  Zergling x2  
  105  9:24  Zergling x2  
  112  9:25  Zergling x2  
  112  9:26  Zergling x2  
  109  9:39  Mutalisk x2  
  109  9:40  Mutalisk  
  109  9:45  Mutalisk x2  
  115  9:51  Drone x5  
  124  10:01  Mutalisk x2  
  128  10:08  Drone  
  131  10:14  Roach x3  
  131  10:20  Ravager x3  
  138  10:22  Hatchery  
  138  10:28  Ravager  
  138  10:29  Roach x4  
  138  10:34  Queen  
  148  10:39  Roach x6  
  148  10:41  Ravager x4  
  162  10:46  Overlord  
  162  10:52  Overlord x4  
Show
View Real Time Build Order
Export as new Build Order

ForJumy Protoss 

Build Orders:  

Get SALT Encoding   

  12  0:00  Probe  
  13  0:12  Probe  
  14  0:18  Pylon  
  14  0:24  Probe  
  15  0:36  Probe (Chrono Boost)  
  15  0:39  Gateway  
  16  0:46  Probe (Chrono Boost)  
  16  0:47  Assimilator  
  17  0:51  Probe (Chrono Boost)  
  18  1:03  Probe  
  19  1:15  Probe  
  20  1:27  Zealot, Cybernetics Core, Probe  
  23  1:38  Pylon  
  23  1:56  Probe  
  24  2:03  Adept  
  26  2:11  Warp Gate, Probe  
  27  2:23  Probe  
  27  2:37  Nexus  
  27  2:40  Assimilator  
  27  2:41  Probe  
  28  2:46  Stalker  
  30  2:53  Probe  
  31  3:02  Pylon  
  31  3:20  Robotics Facility, Probe  
  32  3:29  Stargate  
  32  3:32  Probe  
  31  3:35  Gateway  
  31  3:44  Probe (Chrono Boost)  
  32  3:50  Probe (Chrono Boost)  
  32  3:54  Robotics Facility  
  34  3:56  Probe (Chrono Boost)  
  34  3:59  Adept, Probe (Chrono Boost)  
  34  4:01  Probe (Chrono Boost)  
  38  4:04  Probe (Chrono Boost)  
  38  4:08  Robotics Bay  
  39  4:11  Probe (Chrono Boost)  
  39  4:16  Probe (Chrono Boost)  
  41  4:19  Probe (Chrono Boost)  
  41  4:21  Probe (Chrono Boost)  
  43  4:26  Assimilator  
  43  4:28  Assimilator  
  43  4:30  Warp Prism (Chrono Boost)  
  45  4:33  Probe  
  45  4:34  Probe  
  45  4:38  Adept  
  49  4:45  Probe  
  50  4:46  Probe, Pylon  
  51  5:01  Pylon  
  51  5:04  Disruptor x2 (Chrono Boost)  
  51  5:05  Gravitic Drive  
  59  5:10  Probe  
  59  5:12  Pylon  
  59  5:13  Probe  
  61  5:30  Disruptor (Chrono Boost), Probe  
  70  5:39  Disruptor (Chrono Boost)  
  70  5:44  Gateway  
  70  5:48  Pylon  
  68  6:05  Warp Prism (Chrono Boost)  
  74  6:12  Adept x2, Colossus (Chrono Boost)  
  74  6:16  Gateway x2  
  78  6:33  Gateway  
  78  6:34  Gateway x2, Colossus (Chrono Boost)  
  84  6:42  Pylon  
  84  6:43  Sentry  
  84  6:45  Pylon  
  86  6:53  Shield Battery  
  92  7:09  Colossus (Chrono Boost)  
  92  7:10  Pylon  
  92  7:11  Pylon  
  92  7:14  Stalker x2  
  96  7:16  Pylon  
  96  7:23  Immortal (Chrono Boost)  
  100  7:57  Observer  
  101  8:00  Stalker x4  
  101  8:01  Stalker x4  
  117  8:16  Pylon  
  117  8:21  Probe  
  117  8:26  Sentry  
  120  8:28  Zealot x3  
  120  8:33  Pylon x2  
  126  8:34  Pylon  
  126  8:47  Stalker x4  
  126  8:50  Stalker  
  122  8:56  Stalker  
  122  8:58  Stalker  
  94  9:16  Colossus (Chrono Boost)  
  70  9:22  Colossus (Chrono Boost)  
  68  9:33  Stalker  
  68  9:34  Stalker x2  
  74  9:53  Disruptor (Chrono Boost)  
  74  9:59  Observer  
  82  10:09  Stalker x2  
  82  10:10  Zealot x2  
  82  10:12  Disruptor (Chrono Boost)  
  90  10:15  Disruptor (Chrono Boost)  
  90  10:16  Stalker  
  90  10:17  Stalker  
  98  10:37  Stalker x4  
  102  10:48  Stalker  
  94  10:57  Stalker x2  
Tags
 
Add a new tag
Caveats
  • Supply blocks, unpowered buildings, or Contaminate may cause inaccurate times.
  • Supply counts are checked every 10 seconds.